Workbook

Sheet Statement +BS
A1: STATEMENT OF FINANCIAL ACTIVITIES FOR THE YEAR ENDED 18 MARCH 2025
B4: Note | C4: Unrestricted Funds £ | D4: Restricted Funds £ | E4: Total 2025 | G4: Total 2024
A5: Income and Endowments from:
A6: Donations and Legacies | B6: 3 | C6: =Notes!C10+Notes!C7 -> 2372.37 | D6: =Notes!D12 -> 30914 | E6: =SUM(C6:D6) -> 33286.37 | G6: 77754
A7: Other Income | B7: 4 | C7: =Notes!C21 -> 43060.48 | E7: =SUM(C7:D7) -> 43060.48 | G7: 20525
A8: Total Income | C8: =SUM(C6:C7) -> 45432.85 | D8: =SUM(D6:D7) -> 30914 | E8: =SUM(E6:E7) -> 76346.85 | G8: =SUM(G6:G7) -> 98279
A10: Expenditure on:
A11: Charitable Activities | B11: 15 | C11: =Notes!C30 -> 72125.41 | D11: =Notes!D30 -> 30036.63 | E11: =SUM(C11:D11) -> 102162.04 | G11: 56107
A12: Total Expenditure | C12: =C11 -> 72125.41 | D12: =D11 -> 30036.63 | E12: =SUM(C12:D12) -> 102162.04 | G12: =G11 -> 56107
A14: Net Income | C14: =C8-C12 -> -26692.56 | D14: =D8-D12 -> 877.37 | E14: =E8-E12 -> -25815.19 | G14: =G8-G12 -> 42172
A16: Transfer between Funds | E16: =SUM(C16:D16) -> 0 | G16: 0
A18: Net movement between funds | C18: =C14+C16 -> -26692.56 | D18: =D14+D16 -> 877.37 | E18: =E14+E16 -> -25815.19 | G18: =G14+G16 -> 42172
A20: Reconciliation of funds
A21: Total Funds Brought Forward | C21: 8679 | D21: 444296 | E21: =SUM(C21:D21) -> 452975 | G21: 410803
A22: Total Funds Carried Forward | C22: =C18+C21 -> -18013.56 | D22: =D18+D21 -> 445173.37 | E22: =E18+E21 -> 427159.81 | G22: =E21 -> 452975
A25: BALANCE SHEET AS AT 18 MARCH 2025
B27: Note | C27: 2025 £ | D27: 2024 £
A28: Fixed Assets
A29: Tangible Assets | B29: 12 | C29: =Notes!D106 -> 403197.25 | D29: 404263
A31: Current Assets
A32: Cash at Bank and in Hand | B32: 13 | C32: =Notes!B113 -> 23962.78 | D32: 48712
A34: Net Current Assets/(Liabilities) | C34: =C32 -> 23962.78 | D34: =D32 -> 48712
A36: Net Assets | C36: =C29+C34 -> 427160.03 | D36: =D29+D34 -> 452975
A38: Funds of the Charity
A39: Restricted Income Funds
A40: Restricted Funds | C40: =D22 -> 445173.37 | D40: =D21 -> 444296
A42: Unrestricted Income Funds
A43: Unrestricted Funds | C43: =C22 -> -18013.56 | D43: =C21 -> 8679
A45: Total Funds | B45: 15 | C45: =C40+C43 -> 427159.81 | D45: =D40+D43 -> 452975

Sheet Notes
A1: NOTES TO THE FINANCIAL STATEMENTS FOR THE YEAR ENDED 18 MARCH 2025
A3: 3 | B3: Income from Donations and Legacies
C5: Unrestricted Funds General £ | D5: Restricted Funds £ | E5: Total 2025 £ | F5: Total 2024 £
A6: Donations and Legacies
A7: Donations from companies, trusts and similar proceeds | C7: =Vouchers!B26 -> 300 | D7: ='Bank Income'!F210 -> 0 | E7: =SUM(C7:D7) -> 300 | F7: 0
A9: Grants including capital grants
A10: Government Grants | C10: ='Bank Income'!G210 -> 2072.37 | D10: ='Bank Income'!H210 -> 5914 | E10: =SUM(C10:D10) -> 7986.37 | F10: 19054
A11: Grants from other charities | C11: ='Bank Income'!I210 -> 0 | D11: ='Bank Income'!J210 -> 25000 | E11: =SUM(C11:D11) -> 25000 | F11: 58700
C12: =SUM(C7:C11) -> 2372.37 | D12: =SUM(D7:D11) -> 30914 | E12: =SUM(E7:E11) -> 33286.37 | F12: =SUM(F10:F11) -> 77754
A15: 4 | B15: Other Income
C16: Unrestricted Funds General £ | D16: Total 2025 £ | E16: Total 2024 £
A17: Feed In Tariff | C17: ='Bank Income'!K210 -> 979.2 | D17: =C17 -> 979.2 | E17: 243
A18: Rental Income | C18: ='Bank Income'!L210 -> 36119.67 | D18: =C18 -> 36119.67 | E18: 11142
A19: Events | C19: ='Bank Income'!M210+'Cash Spend'!C78 -> 3447.32 | D19: =C19 -> 3447.32 | E19: 9140
A20: Other Income possibly food purchase | C20: ='Bank Income'!N210 -> 2514.29 | D20: =C20 -> 2514.29 | E20: 0
C21: =SUM(C17:C20) -> 43060.48 | D21: =SUM(D17:D20) -> 43060.48 | E21: =SUM(E17:E20) -> 20525
A24: 5 | B24: Expenditure on Charitable Activities
B26: Note | C26: Unrestricted Funds General £ | D26: Restricted Funds £ | E26: Total 2025 £ | F26: Total 2024 £
A27: Staff Costs | B27: 9 | C27: ='Bank Expenditure'!E271 -> 49840.42 | E27: =SUM(C27:D27) -> 49840.42 | F27: 35908
A28: Allocated Support Costs | B28: 6 | C28: =E36 -> 20124.99 | D28: ='Bank Expenditure'!M271+'Bank Expenditure'!N271+'Bank Expenditure'!P271+'Bank Expenditure'!Q271+'Bank Expenditure'!R271+'Bank Expenditure'!O271+'Cash Spend'!D78+'Cash Spend'!E78+'Cash Spend'!H78+'Cash Spend'!K78+Vouchers!B28+53 -> 30036.63 | E28: =SUM(C28:D28) -> 50161.62 | F28: 15399
A29: Governance Costs | B29: 6 | C29: ='Bank Expenditure'!K271 -> 2160 | E29: =SUM(C29:D29) -> 2160 | F29: 4800
C30: =SUM(C27:C29) -> 72125.41 | D30: =SUM(D27:D29) -> 30036.63 | E30: =SUM(E27:E29) -> 102162.04 | F30: =SUM(F27:F29) -> 56107
A32: 6 | B32: Analysis of goverence and support costs
A33: Support costs allocated to charitable activities
B35: Basis of Allocation | C35: Administration Costs £ | D35: Premises Costs inc Depreciation £ | E35: Total 2025 £ | F35: Total 2024 £
A36: Community Hub (Allocated Support Costs | B36: Cost | C36: ='Bank Expenditure'!G271+'Bank Expenditure'!I271+'Cash Spend'!F78+'Cash Spend'!I78+'Cash Spend'!J78+'Cash Spend'!L78+Vouchers!B29-53 -> 4825.39 | D36: =C101+'Bank Expenditure'!H271+'Bank Expenditure'!J271+'Cash Spend'!G78 -> 15299.6 | E36: =SUM(C36:D36) -> 20124.99 | F36: 15399
A38: Governance Costs | C38: Unrestricted Funds General £ | D38: Total 2025 £ | E38: Total 2024 £
A39: Audit Fees
A40: Audit of the Financial Statements
A41: Other Fees Paid to Examiners
A42: Independent Examiner Fees
A43: Examination of the financial Statements | C43: ='Bank Expenditure'!K271 -> 2160 | D43: =C43 -> 2160 | E43: 4800
A45: For restricted funds see note 15 for breakdown
A48: 7 | B48: Net incoming/outgoing resources
B49: Net incoming for the year include:
B51: 2025 £ | C51: 2024 £
A52: Audit Fees | B52: 0 | C52: 0
A55: 8 | B55: Trustees remuneration and expenses
A56: No trustees, nor any persons connected with them, have received any remuneration from the charity during the year
A57: No trustees have receiv ed any reimbursed expenses or any other benefits from the charity during the year
A59: 9 | B59: Staff Costs
A61: The aggregate payroll costs were as follows:
C62: 2025 £
A63: Staff costs during the year were
A64: Wages and Salaries | C64: ='Bank Expenditure'!E271-C65 -> 48624.04
A65: Pensions | C65: =wages!D76 -> 1216.38
C66: =SUM(C64:C65) -> 49840.42
A68: The monthly average number of persons (including senior management team) employed by
A69: the charity during the year expressed as full-time equivalents was as follows:
C71: 2025 No | D71: 2024 No
C72: 2 | D72: 2
A73: Administration
A74: 2 (2024 - 2) of the above employees participated in the Defined Contribution Pension Schemes.
A75: Contributions to the employee pension schemes for the year totalled £1,216 (2024 -£2122)
A78: 10 | B78: Independent Examiner's Remuneration
D80: 2024 £
A81: Examination of the financial Statements | D81: 0
A84: 11 | B84: Taxation
A86: The charity is a registered charity and is therefore exempt from taxation
A91: 12 | B91: Tangible Fixed Assets
A93: Cost | B93: Land and Buildings £ | C93: Furniture & Equipment £ | D93: Total £
A94: As at 19 March 2024 | B94: 400000 | C94: 6587 | D94: =SUM(B94:C94) -> 406587
A95: Disposal | D95: =SUM(B95:C95) -> 0
A96: Additions | D96: =SUM(B96:C96) -> 0
A97: As at 18 March 2025 | B97: =B94+B96-B95 -> 400000 | C97: =C94+C96-C95 -> 6587 | D97: =SUM(B97:C97) -> 406587
A99: Depreciation
A100: As at 19 March 2024 | C100: 2324 | D100: 2324
A101: Charge for the Year | C101: =C105*25% -> 1065.75 | D101: =C101 -> 1065.75
A102: As at 18 March 2025 | C102: =C100+C101 -> 3389.75 | D102: =D100+D101 -> 3389.75
A104: Net Book Value
A105: As at 18 March 2024 | B105: 400000 | C105: =C97-C100 -> 4263 | D105: =B105+C105 -> 404263
A106: As at 18 March 2025 | B106: =B97-B102 -> 400000 | C106: =C97-C102 -> 3197.25 | D106: =B106+C106 -> 403197.25
A109: 13 | B109: Cash and Cash equivalents
B111: 2025 | C111: 2024
A113: Cash at Bank | B113: ='Bank Rec'!B10 -> 23962.78 | C113: 48712 | F113: =D106+B113 -> 427160.03
A116: 14 | B116: Creditors: amounts falling due within ine year
B118: 2025 £ | C118: 2024 £
A119: Creditors | B119: 0 | C119: 0
A123: 15 | B123: Funds
C124: Balance at 19 March 24 £ | D124: Incoming Resources £ | E124: Resources Expended £ | F124: Transfers £ | G124: Balance at 19 March 25 £
A125: Unrestricted Funds
A126: General Fund | B126: 5 | C126: =G145 -> 8679 | D126: ='Bank Income'!E210+'Bank Income'!G210+'Bank Income'!I210+'Bank Income'!L210+'Bank Income'!M210+'Bank Income'!N210+'Bank Income'!K210+'Cash Spend'!C78+Vouchers!B26 -> 45432.85 | E126: ='Bank Expenditure'!E271+'Bank Expenditure'!G271+'Bank Expenditure'!I271+'Bank Expenditure'!J271+C101+'Bank Expenditure'!H271+'Bank Expenditure'!K14-53+'Cash Spend'!F78+'Cash Spend'!G78+'Cash Spend'!I78+'Cash Spend'!J78+'Cash Spend'!L78+Vouchers!B29+'Bank Expenditure'!K271 -> 72125.41 | G126: =C126+D126-E126 -> -18013.56
A128: Restricted Funds
A129: Development Project | C129: =G148 -> 400000 | G129: =C129+D129-E129 -> 400000
A130: PKC Fridge | C130: =G149 -> 1311 | E130: ='Bank Expenditure'!R271+53 -> 825.5 | G130: =C130+D130-E130 -> 485.5
A131: PKC Warm | C131: =G150 -> 1308 | D131: 2914 | E131: ='Bank Expenditure'!M271+'Cash Spend'!D78+Vouchers!B28 -> 1297.15 | G131: =C131+D131-E131 -> 2924.85
A132: PKC Cinema | C132: =G151 -> 2225 | E132: ='Bank Expenditure'!N271+'Cash Spend'!E78 -> 2036.54 | G132: =C132+D132-E132 -> 188.46
A133: PKC Lounge & Larder | D133: ='Bank Income'!H144 -> 3000 | E133: ='Bank Expenditure'!O271 -> 0 | G133: =C133+D133-E133 -> 3000
A134: The Gannochy Trust | C134: =G152 -> 36452 | D134: ='Bank Income'!J38 -> 25000 | E134: ='Bank Expenditure'!P271+'Cash Spend'!H78 -> 24660.67 | G134: =C134+D134-E134 -> 36791.33
A135: The Mushroom Trust | C135: =G153 -> 3000 | E135: ='Cash Spend'!K78 -> 1216.77 | G135: =C135+D135-E135 -> 1783.23
A137: Total Restricted Funds | C137: =SUM(C129:C136) -> 444296 | D137: =SUM(D129:D136) -> 30914 | E137: =SUM(E129:E136) -> 30036.63 | F137: =SUM(F129:F136) -> 0 | G137: =SUM(G129:G136) -> 445173.37
A139: Total Funds | C139: =C126+C137 -> 452975 | D139: =D126+D137 -> 76346.85 | E139: =E126+E137 -> 102162.04 | F139: =F126+F137 -> 0 | G139: =G126+G137 -> 427159.81
C142: Balance at 19 March 23 £ | D142: Incoming Resources £ | E142: Resources Expended £ | F142: Transfers £ | G142: Balance at 19 March 24 £
A144: Unrestricted Funds
A145: General Fund | C145: 10803 | D145: 33602 | E145: -34415 | F145: -1311 | G145: =SUM(C145:F145) -> 8679
A147: Restricted Funds
A148: Development Project | C148: 400000 | G148: =SUM(C148:F148) -> 400000
A149: PKC Fridge | F149: 1311 | G149: =SUM(C149:F149) -> 1311
A150: PKC Warm | D150: 2537 | E150: -1229 | G150: =SUM(C150:F150) -> 1308
A151: PKC Cinema | D151: 3440 | E151: -1215 | G151: =SUM(C151:F151) -> 2225
...

Sheet Bank Income
A1: INCOME
A3: DATE | B3: NAME | C3: REC | D3: TOTAL | E3: Donation Unrest | F3: Donation Rest | G3: Govern Grant Unrest | H3: Govern Grant Rest | I3: Other Grants Unrest | J3: Other Grants Rest | K3: Feed IN | L3: Rental | M3: Events | N3: Other Income | O3: Description
A4: 46103 | B4: PKC | C4: Yes | D4: =SUM(E4:N4) -> 182 | M4: 182
A5: 46103 | B5: Bank | D5: =SUM(E5:N5) -> 200 | L5: 200
A6: 46103 | B6: Thursday Friends | C6: Yes | D6: =SUM(E6:N6) -> 40 | L6: 40
A7: 46106 | B7: Square | D7: =SUM(E7:N7) -> 58.91 | N7: 58.91 | O7: Unsure of Breakdown
A8: 46107 | B8: Bioregioning Tayside | C8: yes | D8: =SUM(E8:N8) -> 48.75 | L8: 48.75
A9: 46108 | B9: Rural Transport | C9: Yes | D9: =SUM(E9:N9) -> 20 | L9: 20
A10: 46109 | B10: PKC | C10: Yes | D10: =SUM(E10:N10) -> 30 | L10: 30
A11: 46113 | B11: Ann Le Gal | C11: Yes | D11: =SUM(E11:N11) -> 75 | L11: 75
A12: 46114 | B12: PKC | C12: Yes | D12: =SUM(E12:N12) -> 30 | L12: 30
A13: 46114 | B13: Jeff Coull | D13: =SUM(E13:N13) -> 433 | L13: 433
A14: 46114 | B14: Square | D14: =SUM(E14:M14) -> 125.46 | M14: 125.46 | O14: Assuming Crafty Hands in March £127.50
A15: 46116 | B15: Bank | D15: =SUM(E15:N15) -> 200 | M15: 200 | O15: used for Community cooking classes
A16: 46123 | B16: Square | D16: =SUM(E16:N16) -> 11.3 | N16: 11.3
A17: 46127 | B17: Ann Le Gal | C17: yes | D17: =SUM(E17:N17) -> 15 | L17: 15
A18: 46129 | B18: Square | D18: =SUM(E18:N18) -> 0.49 | N18: 0.49
A19: 46130 | B19: Pay In | D19: =SUM(E19:N19) -> 200 | M19: 200 | O19: used for Community cooking classes
B20: Square | D20: =SUM(E20:N20) -> 9.81 | N20: 9.81
A21: 46131 | B21: Square | D21: =SUM(E21:N21) -> 11.79 | N21: 11.79
B22: Pay In | C22: yes | D22: =SUM(E22:N22) -> 220 | L22: 220
A23: 46136 | B23: Square | D23: =SUM(E23:N23) -> 0.98 | N23: 0.98
B24: Thursday Friends | D24: =SUM(E24:N24) -> 40 | L24: 40
A25: 46137 | B25: CAYAG | D25: =SUM(E25:N25) -> 115 | L25: 115
A26: 46138 | B26: Two Sisters | D26: =SUM(E26:N26) -> 600 | L26: 600
B27: Mach Recruitment | D27: =SUM(E27:N27) -> 195 | L27: 195
B28: Pay In | D28: =SUM(E28:N28) -> 200 | L28: 200
A29: 46144 | B29: Jeff Coull | D29: =SUM(E29:N29) -> 433 | L29: 433
B30: Alzheimer | C30: Yes | D30: =SUM(E30:N30) -> 60 | L30: 60
A31: 46145 | B31: Square | D31: =SUM(E31:N31) -> 17.69 | N31: 17.69
A32: 46149 | B32: Square | D32: =SUM(E32:N32) -> 112.99 | N32: 112.99
B33: Square | D33: =SUM(E33:N33) -> 0.98 | N33: 0.98
B34: PKC | C34: Yes | D34: =SUM(E34:N34) -> 30 | L34: 30
A35: 46151 | B35: Square | D35: =SUM(E35:N35) -> 6.39 | N35: 6.39
B36: Bank | D36: =SUM(E36:N36) -> 200 | L36: 200
A37: 46152 | B37: Square | D37: =SUM(E37:N37) -> 6.87 | N37: 6.87
A38: 46155 | B38: Gannochy | D38: =SUM(E38:N38) -> 25000 | J38: 25000 | O38: Gannochy
B39: square | D39: =SUM(E39:N39) -> 88.42 | N39: 88.42
B40: PKC | D40: =SUM(E40:N40) -> 856.74 | G40: 856.74 | O40: re Marc
A41: 46158 | B41: Square | D41: =SUM(E41:N41) -> 21.62 | N41: 21.62
A42: 46162 | B42: Square | D42: =SUM(E42:N42) -> 41.26 | N42: 41.26
A43: 46162 | B43: Square | D43: =SUM(E43:N43) -> 0.49 | N43: 0.49
A44: 46165 | B44: Square | D44: =SUM(E44:N44) -> 13.26 | N44: 13.26
A45: 46166 | B45: Square | D45: =SUM(E45:N45) -> 0.98 | N45: 0.98
A46: 46170 | B46: Square | D46: =SUM(E46:N46) -> 61.9 | N46: 61.9
B47: Square | D47: =SUM(E47:N47) -> 3.93 | N47: 3.93
B48: Square | D48: =SUM(E48:N48) -> 5.89 | N48: 5.89
A49: 46172 | B49: Pay In | D49: =SUM(E49:N49) -> 200 | L49: 200
A50: 46176 | B50: Jeff Coull | D50: =SUM(E50:N50) -> 433 | L50: 433
B51: Square | D51: =SUM(E51:N51) -> 138.53 | N51: 138.53
A52: 46177 | B52: Good energy | C52: Yes | D52: =SUM(E52:N52) -> 383.98 | K52: 383.98
A53: 46178 | B53: Ann Le Gal | D53: =SUM(E53:N53) -> 90 | L53: 90
A54: 46186 | B54: Square | D54: =SUM(E54:N54) -> 1.47 | N54: 1.47
A55: 46187 | B55: Pay In | D55: =SUM(E55:N55) -> 360 | L55: 360
A56: 46190 | B56: Square | D56: =SUM(E56:N56) -> 2.95 | N56: 2.95
A57: 46191 | B57: Square | D57: =SUM(E57:N57) -> 93.34 | N57: 93.34
A58: 46194 | B58: Square | D58: =SUM(E58:N58) -> 9.82 | N58: 9.82
A59: 46197 | B59: Square | D59: =SUM(E59:N59) -> 56.49 | N59: 56.49
A60: 46197 | B60: Thursday Friends | D60: =SUM(E60:N60) -> 10 | L60: 10
A61: 46198 | B61: Pay In | D61: =SUM(E61:N61) -> 600 | L61: 600
A62: 46200 | B62: PKC | D62: =SUM(E62:N62) -> 715 | L62: 715
A63: 46200 | B63: Square | D63: =SUM(E63:N63) -> 3.93 | N63: 3.93
A64: 46201 | B64: Mach Recruitment | D64: =SUM(E64:N64) -> 157.5 | L64: 157.5
B65: Tayside Bat Group | D65: =SUM(E65:N65) -> 15 | L65: 15
B66: Square | D66: =SUM(E66:N66) -> 9.82 | N66: 9.82
A67: 46204 | B67: Jeff Coull | D67: =SUM(E67:N67) -> 433 | L67: 433
B68: Square | D68: =SUM(E68:N68) -> 3.93 | N68: 3.93
A69: 46205 | B69: Bioregioning Tayside | D69: =SUM(E69:N69) -> 35 | L69: 35
A70: 46207 | B70: PKC | D70: =SUM(E70:N70) -> 180 | L70: 180
A71: 46211 | B71: Square | D71: =SUM(E71:N71) -> 4.42 | N71: 4.42
A72: 46213 | B72: Square | D72: =SUM(E72:N72) -> 1.96 | N72: 1.96
A73: 46214 | B73: PKC | D73: =SUM(E73:N73) -> 573 | L73: 573
A74: 46215 | B74: PKC | D74: =SUM(F74:N74) -> 1215.63 | G74: 1215.63
B75: Square | D75: =SUM(E75:N75) -> 10.8 | N75: 10.8
A76: 46218 | B76: Square | D76: =SUM(E76:N76) -> 10.61 | N76: 10.61
B77: Square | D77: =SUM(E77:N77) -> 2.51 | N77: 2.51
A78: 46222 | B78: Mach Recruitment | D78: =SUM(E78:N78) -> 390 | L78: 390
B79: Square | D79: =SUM(E79:N79) -> 4.42 | N79: 4.42
B80: Pay In | D80: =SUM(E80:N80) -> 155 | L80: 155
A81: 46225 | B81: Square | D81: =SUM(E81:N81) -> 26.33 | N81: 26.33
B82: PKC | D82: =SUM(E82:N82) -> 30 | N82: 30
B83: Pay In | D83: =SUM(E83:N83) -> 500 | L83: 500
B84: Square | D84: =SUM(E84:N84) -> 9.82 | N84: 9.82
A85: 46228 | B85: Square | D85: =SUM(E85:N85) -> 2.95 | N85: 2.95
A86: 46229 | B86: Square | D86: =SUM(E86:N86) -> 11.79 | N86: 11.79
A87: 46232 | B87: Pay In | D87: =SUM(E87:N87) -> 350 | L87: 350
A88: 46232 | B88: square | D88: =SUM(E88:N88) -> 10.31 | N88: 10.31
A89: 46233 | B89: square | D89: =SUM(E89:N89) -> 6.63 | N89: 6.63
A90: 46235 | B90: Jeff Coull | D90: =SUM(E90:N90) -> 480 | L90: 480
B91: Square | D91: =SUM(E91:N91) -> 3.93 | N91: 3.93
A92: 46236 | B92: Square | D92: =SUM(E92:N92) -> 2.94 | N92: 2.94
A93: 46239 | B93: Square | D93: =SUM(E93:N93) -> 4.76 | N93: 4.76
A94: 46241 | B94: Pay In | D94: =SUM(E94:N94) -> 400 | L94: 400
A95: 46242 | B95: Alzheimer | D95: =SUM(E95:N95) -> 60 | L95: 60
B96: Square | D96: =SUM(E96:N96) -> 0.98 | N96: 0.98
B97: 2 Sisters Group | D97: =SUM(E97:N97) -> 1250 | L97: 1250
A98: 46243 | B98: Mach Recruitment | D98: =SUM(E98:N98) -> 330 | L98: 330
B99: Square | D99: =SUM(E99:N99) -> 18.66 | N99: 18.66
A100: 46249 | B100: PKC | D100: =SUM(E100:N100) -> 45 | L100: 45
A101: 46250 | B101: Square | D101: =SUM(E101:N101) -> 1.47 | N101: 1.47
...

Sheet Bank Expenditure
G1: =52.9-1.14 -> 51.76
A2: EXPENDITURE
M3: Grant | N3: Grant | O3: Grant | P3: Grant | Q3: Grant | R3: Grant
A4: DATE | B4: NAME | C4: REC | D4: TOTAL | E4: Salary | F4: Asset | G4: Office Exps | H4: Premises | I4: Event Costs | J4: Rental Costs | K4: Governence | L4: Other | M4: PKC Warm | N4: PKC Cinema | O4: PKC Lounge | P4: Gannochy | Q4: Mushroom | R4: Fridge | S4: Description
A5: 46100 | B5: High Speed Training CD | C5: Yes | D5: =SUM(E5:R5) -> 24 | G5: 24
A6: 46101 | B6: Talk Talk | D6: =SUM(E6:R6) -> 42.8 | G6: 42.8
A7: 46102 | B7: Tesco | D7: =SUM(E7:R7) -> 45.01 | I7: =2.61 -> 2.61 | M7: 8.83 | N7: 33.57
A8: 46109 | B8: Tesco | D8: =SUM(E8:R8) -> 53.14 | I8: =31.77+1.25 -> 33.02 | M8: 5.07 | N8: 15.05
B9: Cluff | D9: =SUM(E9:R9) -> 1133.55 | E9: 1133.55
B10: Dawson | D10: =SUM(E10:R10) -> 1706.27 | E10: 1706.27
B11: Flemming | D11: =SUM(E11:R11) -> 810.42 | E11: 810.42
B12: Angela | D12: =SUM(E12:R12) -> 75 | H12: 75 | S12: Cleaning
A13: 46114 | B13: Child Maint | D13: =SUM(E13:R13) -> 92.65 | E13: 92.65 | S13: Marc Flemming Wages deduction
A14: 46114 | B14: EDF | D14: =SUM(E14:R14) -> 319 | H14: 319
A15: 46114 | B15: TV Licence | D15: =SUM(E15:R15) -> 13.25 | N15: 13.25
A16: 46116 | B16: Asda | D16: =SUM(E16:R16) -> 52.29 | I16: =16.89+0.99+0.51 -> 18.39 | M16: 4.5 | N16: 29.4
A17: 46116 | B17: Nisbets | C17: yes | D17: =SUM(E17:R17) -> 353.66 | M17: 37.5 | N17: =14.99 -> 14.99 | P17: =23.74+124.47+15.99+136.97 -> 301.17
B18: Angela | C18: Yes | D18: =SUM(E18:R18) -> 65 | H18: 65
B19: Nisbets | C19: Yes | D19: =SUM(E19:R19) -> 294.34 | P19: 294.34 | S19: Freezer Repayment - spoke to Kirsty
A20: 46118 | B20: PKC Waste | C20: Yes | D20: =SUM(E20:R20) -> 166.5 | H20: 166.5
A21: 46122 | B21: Square Shop | D21: =SUM(E21:R21) -> 178.8 | N21: 178.8
B22: Café Reality | C22: yes | D22: =SUM(E22:R22) -> 2560.8 | P22: 2560.8 | S22: 44 Plywood Dining Chairs
A23: 46123 | B23: Nest - mar | C23: Yes | D23: =SUM(E23:R23) -> 262.5 | E23: 262.5
B24: Scotmid | D24: =SUM(E24:R24) -> 11.8 | N24: 11.8
B25: Film Bank | C25: Yes | D25: =SUM(E25:R25) -> 104.4 | N25: 104.4
B26: Film Bank | C26: Yes | D26: =SUM(E26:R26) -> 104.4 | N26: 104.4
A27: 46127 | B27: Co-an | C27: Yes | D27: =SUM(E27:R27) -> 128.57 | H27: 128.57
A28: 46130 | B28: Metroplan | C28: Yes | D28: =SUM(E28:R28) -> 421.2 | P28: 421.2 | S28: Noticeboard- need to find
B29: Asda | C29: Yes | D29: =SUM(E29:R29) -> 77.58 | I29: =0.31 -> 0.31 | N29: 77.27
A30: 46131 | B30: Talk Talk | D30: =SUM(E30:R30) -> 42.8 | G30: 42.8
B31: Angela | D31: =SUM(E31:R31) -> 160 | H31: 160
A32: 46136 | B32: Asda | C32: Yes | D32: =SUM(E32:R32) -> 51.1 | I32: 51.1
A33: 46137 | B33: HMRC | D33: =SUM(E33:R33) -> 2041.38 | E33: 2041.38 | S33: PAYE/NIC Payment
A34: 46141 | B34: Angela | D34: =SUM(E34:R34) -> 65 | H34: 65
B35: Marc Fleming | D35: =SUM(E35:R35) -> 810.42 | E35: 810.42
B36: Kirsty Cluff | D36: =SUM(E36:R36) -> 1143.84 | E36: 1143.84
B37: Graeme Dawson | D37: =SUM(E37:R37) -> 1726.97 | E37: 1726.97
B38: Film Bank | D38: =SUM(E38:R38) -> 104.4 | N38: 104.4
B39: Film Bank | D39: =SUM(E39:R39) -> 104.4 | N39: 104.4
B40: Child Maint | D40: =SUM(E40:R40) -> 92.65 | E40: 92.65
A41: 46143 | B41: EDF | D41: =SUM(E41:R41) -> 319 | H41: 319
B42: Co-an | D42: =SUM(E42:R42) -> 112.04 | H42: 112.04
B43: TV Licence | D43: =SUM(E43:R43) -> 13.25 | N43: 13.25
A44: 46144 | B44: Asda | D44: =SUM(E44:R44) -> 55.23 | I44: 55.23 | N44: ,
A45: 46148 | B45: Angela | D45: =SUM(E45:R45) -> 75 | H45: 75
A46: 46151 | B46: Asda | D46: =SUM(E46:R46) -> 91.27 | I46: =54.94-5.48+3.95 -> 53.41 | M46: 27.7 | N46: 10.16
A47: 46152 | B47: Nest- apr | D47: =SUM(E47:R47) -> 262.5 | E47: 262.5
A48: 46158 | B48: Asda | D48: =SUM(E48:R48) -> 41.76 | I48: =25.42+2.94 -> 28.36 | M48: =7.15 -> 7.15 | N48: 6.25
A49: 46161 | B49: Angela | D49: =SUM(E49:R49) -> 110 | H49: 110
B50: Alan Brown (Joiner) | D50: =SUM(E50:R50) -> 90.69 | P50: 90.69
B51: Wave | C51: in file | D51: =SUM(E51:R51) -> 226.18 | H51: 226.18 | S51: Water Rates
A52: 46163 | B52: Talk Talk | D52: =SUM(E52:R52) -> 42.8 | G52: 42.8
A53: 46165 | B53: Asda | C53: yes | D53: =SUM(E53:R53) -> 54.73 | I53: =58.59-3.86 -> 54.73
A54: 46169 | B54: Sandison | C54: Yes | D54: =SUM(E54:R54) -> 2167.58 | G54: 108 | H54: =2167.58-108 -> 2059.58 | S54: breakdown of insurance
B55: Sandison | C55: Yes | D55: =SUM(E55:R55) -> 80 | G55: 80
B56: Angela | D56: =SUM(E56:R56) -> 93.75 | H56: 93.75
B57: Morris and Young | D57: =SUM(E57:R57) -> 2160 | K57: 2160 | S57: no receipt in file - audit fee as per emails
A58: 46172 | B58: Child Maint | D58: =SUM(E58:R58) -> 92.65 | E58: 92.65
B59: Film Bank | C59: yes | D59: =SUM(E59:R59) -> 104.4 | N59: 104.4
B60: Film Bank | C60: yes | D60: =SUM(E60:R60) -> 104.4 | N60: 104.4
B61: Asda | C61: yes | D61: =SUM(E61:R61) -> 56.26 | I61: =7.4+3.94 -> 11.34 | M61: =18.59 -> 18.59 | N61: 26.33
A62: 46173 | B62: Kirsty Cluff | D62: =SUM(E62:R62) -> 1143.84 | E62: 1143.84
B63: Marc Fleming | D63: =SUM(E63:R63) -> 810.42 | E63: 810.42
B64: Graeme Dawson | D64: =SUM(E64:R64) -> 1726.97 | E64: 1726.97
B65: Angela | D65: =SUM(E65:R65) -> 118.75 | H65: 118.75
B66: Alyth Fim Club | D66: =SUM(E66:R66) -> 50 | N66: 50
A67: 46176 | B67: TV Licence | D67: =SUM(E67:R67) -> 13.25 | N67: 13.25
B68: EDf | D68: =SUM(E68:R68) -> 319 | H68: 319
B69: Nest- may | D69: =SUM(E69:R69) -> 262.5 | E69: 262.5
A70: 46179 | B70: Asda | D70: =SUM(E70:R70) -> 51.25 | I70: =23.36+3.89 -> 27.25 | N70: 24
A71: 46183 | B71: BigDug Ltd | D71: =SUM(E71:R71) -> 88.8 | P71: 88.8
A72: 46184 | B72: Asda | D72: =SUM(E72:R72) -> 3.95 | G72: 3.95
A73: 46186 | B73: Blairmont Blinds | D73: =SUM(E73:R73) -> 584 | P73: 584 | S73: Blinds
A74: 46186 | B74: Angela | D74: =SUM(E74:R74) -> 181.25 | H74: 181.25
A75: 46187 | B75: Asda | D75: =SUM(E75:R75) -> 47.7 | I75: =30.43+1.65+0.11-18 -> 14.19 | M75: 15.51 | N75: 18
A76: 46190 | B76: Co-an | D76: =SUM(E76:R76) -> 133.04 | H76: 133.04
A77: 46192 | B77: Talk Talk | D77: =SUM(E77:R77) -> 42.8 | G77: 42.8
A78: 46194 | B78: ASCO | D78: =SUM(E78:R78) -> 259.2 | H78: 259.2 | S78: What is this
B79: Angela | D79: =SUM(E79:R79) -> 81.25 | H79: 81.25
A80: 46200 | B80: Tesco | D80: =SUM(E80:R80) -> 16.73 | I80: 16.73
A81: 46203 | B81: Kirsty Cluff | D81: =SUM(E81:R81) -> 1143.84 | E81: 1143.84
B82: Graeme Dawson | D82: =SUM(E82:R82) -> 1726.97 | E82: 1726.97
A83: 46204 | B83: Kirsty Cluff | D83: =SUM(E83:R83) -> 1143.84 | E83: 1143.84
B84: Graeme Dawson | D84: =SUM(E84:R84) -> 1726.97 | E84: 1726.97
B85: Marc Fleming | D85: =SUM(E85:R85) -> 677.3 | E85: 677.3
B86: Co-an | D86: =SUM(E86:R86) -> 47.41 | H86: 47.41
B87: Child Maint | D87: =SUM(E87:R87) -> 92.65 | E87: 92.65
B88: TV Licence | D88: =SUM(E88:R88) -> 13.25 | N88: 13.25
B89: EDF | D89: =SUM(E89:R89) -> 319 | H89: 319
B90: Amazon | D90: =SUM(E90:R90) -> 16.5 | G90: 16.5
B91: Film Bank | D91: =SUM(E91:R91) -> 104.4 | N91: 104.4
A92: 46208 | B92: Asda | D92: =SUM(E92:R92) -> 51.76 | I92: =14.83+2.24+29.4+5.29 -> 51.76
B93: Angela | D93: =SUM(E93:R93) -> 175 | H93: 175
B94: Co-an | D94: =SUM(E94:R94) -> 91.5 | H94: 91.5
B95: Transform | D95: =SUM(E95:R95) -> 60 | I95: 60
B96: Shepherd Construction | D96: =SUM(E96:R96) -> 20295.49 | P96: 20295.49 | S96: £200 held back
B97: Kirsty Cluff | D97: =SUM(E97:R97) -> -1143.84 | E97: -1143.84
A98: 46211 | B98: Graeme Dawson | D98: =SUM(E98:R98) -> -1726.97 | E98: -1726.97
B99: Asda | D99: =SUM(E99:R99) -> 3.95 | I99: 3.95
A100: 46214 | B100: Tesco | D100: =SUM(E100:R100) -> 14.93 | I100: 14.93
...

Sheet Bank Rec
A1: BANK RECONCILIATION
A4: Opening Balance as at 18 March 24 | B4: 48712.22
A6: Add Income | B6: ='Bank Income'!D210 -> 73312.33
A8: Deduct Expenditure | B8: ='Bank Expenditure'!D271 -> 98061.77
A10: Closing Balance as at 18 March 25 | B10: =B4+B6-B8 -> 23962.78
A13: Bank Statement as at 18 March 25 | B13: 23962.78

Sheet Cash Spend
A2: Date | B2: Description | C2: Total | D2: Warmspace | E2: CIF | F2: Hub | G2: Premises | H2: Gannochy | I2: Leaving Gift | J2: office | K2: mushroom | L2: bothy night
A3: 46101 | B3: Premier | C3: =SUM(D3:L3) -> 6.5 | F3: 6.5
B4: Scotmid | C4: =SUM(D4:L4) -> 3.1 | D4: 3.1
B5: Scotmid | C5: =SUM(D5:L5) -> 5 | D5: 5
B6: Tesco | C6: =SUM(D6:L6) -> 7.17 | E6: 7.17
B7: EOS | C7: =SUM(D7:L7) -> 8.98 | E7: 8.98
B8: Expenses | C8: =SUM(D8:L8) -> 83.08 | D8: =4 -> 4 | F8: =6+4+6+17.1+45.98 -> 79.08
B9: Expenses | C9: =SUM(D9:L9) -> 32.75 | E9: 21.79 | F9: 10.96
B10: Expenses | C10: =SUM(D10:L10) -> 109.72 | D10: =12.59+9.99 -> 22.58 | E10: =5 -> 5 | F10: =14.99+14.99 -> 29.98 | G10: =27.98 -> 27.98 | H10: =15.19+8.99 -> 24.18
B11: Co-op | C11: =SUM(D11:L11) -> 1.9 | D11: 1.9
B12: Dunelm | C12: =SUM(D12:L12) -> 20 | F12: 20
B13: Food Warehouse | C13: =SUM(D13:L13) -> 12.5 | F13: 12.5
B14: Home Bargains | C14: =SUM(D14:L14) -> 4.78 | E14: 4.78
B15: Co-op | C15: =SUM(D15:L15) -> 0.13 | F15: 0.13
B16: Co-op | C16: =SUM(D16:L16) -> 2.4 | F16: 2.4
B17: Window Cleaner | C17: =SUM(D17:L17) -> 50 | G17: 50
B18: Scotmid | C18: =SUM(D18:L18) -> 3.2 | F18: 3.2
B19: Scotmid | C19: =SUM(D19:L19) -> 3.35 | F19: 3.35
B20: Scotmid | C20: =SUM(D20:L20) -> 6.4 | F20: 6.4
B21: Scotmid | C21: =SUM(D21:L21) -> 3.3 | D21: 3.3
B22: Scotmid | C22: =SUM(D22:L22) -> 1.1 | D22: 1.1
B23: Meat | C23: =SUM(D23:L23) -> 24 | F23: 24
B24: Meat | C24: =SUM(D24:L24) -> 15 | F24: 15
B25: Expenses | C25: =SUM(D25:L25) -> 7.17 | E25: 7.17
B26: Scotmid | C26: =SUM(D26:L26) -> 2.5 | F26: 2.5
B27: Meat | C27: =SUM(D27:L27) -> 6 | F27: 6
B28: Scotmid | C28: =SUM(D28:L28) -> 5.25 | F28: 5.25
B29: Amazon | C29: =SUM(D29:L29) -> 14.99 | D29: 14.99
B30: John Lewis | C30: =SUM(D30:L30) -> 50 | I30: 50
B31: Meat | C31: =SUM(D31:L31) -> 8 | F31: 8
B32: asda | C32: =SUM(D32:L32) -> 12.5 | G32: 12.5
B33: Scotmid | C33: =SUM(D33:L33) -> 4.09 | D33: 4.09
B34: Home Improv | C34: =SUM(D34:L34) -> 3.99 | G34: 3.99
B35: Tesco | C35: =SUM(D35:L35) -> 17 | G35: 17
B36: Premier | C36: =SUM(D36:L36) -> 1.7 | F36: 1.7
B37: Scotmid | C37: =SUM(D37:L37) -> 3.44 | F37: 3.44
B38: Window Cleaner | C38: =SUM(D38:L38) -> 50 | G38: 50
B39: Amazon | C39: =SUM(D39:L39) -> 9.99 | E39: 9.99
B40: Scotmid | C40: =SUM(D40:L40) -> 0.8 | F40: 0.8
B41: Scotmid | C41: =SUM(D41:L41) -> 2.14 | F41: 2.14
B42: asda | C42: =SUM(D42:L42) -> 2.25 | J42: 2.25
B43: Tesco (Summer Session) | C43: =SUM(D43:L43) -> 10.92 | D43: 10.92
B44: Scotmid | C44: =SUM(D44:L44) -> 1.8 | F44: 1.8
B45: Scotmid | C45: =SUM(D45:L45) -> 6.75 | F45: 6.75
B46: tesco | C46: =SUM(D46:L46) -> 6.5 | G46: 6.5
B47: Premier | C47: =SUM(D47:L47) -> 1.7 | F47: 1.7
B48: Scotmid | C48: =SUM(D48:L48) -> 10.24 | F48: 10.24
B49: Scotmid | C49: =SUM(D49:L49) -> 2.1 | F49: 2.1
B50: Premier | C50: =SUM(D50:L50) -> 1.7 | F50: 1.7
B51: Window Cleaner | C51: =SUM(D51:L51) -> 50 | G51: 50
B52: Premier | C52: =SUM(D52:L52) -> 1 | F52: 1
B53: Heritage-Fake Grass | C53: =SUM(D53:L53) -> 20 | K53: 20
B54: Scotmid | C54: =SUM(D54:L54) -> 10.65 | F54: 10.65
B55: Expenses | C55: =SUM(D55:L55) -> 40.98 | F55: 12.99 | G55: 27.99
B56: Scotmid | C56: =SUM(D56:L56) -> 0.4 | F56: 0.4
B57: Moyness | C57: =SUM(D57:L57) -> 1196.77 | K57: 1196.77
B58: Scotmid | C58: =SUM(D58:L58) -> 3.1 | F58: 3.1
B59: Expenses | C59: =SUM(D59:L59) -> 339.83 | F59: 18.99 | G59: 88.79 | J59: 2.99 | L59: 229.06
B60: Co-op | C60: =SUM(D60:L60) -> 25.35 | D60: 25.35
B61: Amazon | C61: =SUM(D61:L61) -> 23.96 | E61: 23.96
B62: Amazon | C62: =SUM(D62:L62) -> 43.43 | D62: =6.49+29.95+6.99 -> 43.43
B63: bookers | C63: =SUM(D63:L63) -> 51.47 | D63: 51.47
B64: Asda | C64: =SUM(D64:L64) -> 36.2 | D64: 36.2
B65: Scotmid | C65: =SUM(D65:L65) -> 4.4 | F65: 4.4
B66: tesco | C66: =SUM(D66:L66) -> 12.24 | F66: 12.24
B67: Window Cleaner | C67: =SUM(D67:L67) -> 50 | G67: 50
B68: Scotmid | C68: =SUM(D68:L68) -> 2.78 | F68: 2.78
B69: Scotmid | C69: =SUM(D69:L69) -> 4.4 | D69: 4.4
B70: Scotmid | C70: =SUM(D70:L70) -> 3 | D70: 3
B71: range | C71: =SUM(D71:L71) -> 59.99 | G71: 59.99
B72: Scotmid | C72: =SUM(D72:L72) -> 3.95 | D72: 3.95
B73: Scotmid | C73: =SUM(D73:L73) -> 1.65 | D73: 1.65
B74: Scotmid | C74: =SUM(D74:L74) -> 0.3 | D74: 0.3
B75: temu | C75: =SUM(D75:L75) -> 73.8 | D75: 73.8
B76: Amazon | C76: =SUM(D76:L76) -> 26.99 | D76: 26.99
C78: =SUM(C3:C76) -> 2734.52 | D78: =SUM(D3:D76) -> 341.52 | E78: =SUM(E3:E76) -> 88.84 | F78: =SUM(F3:F76) -> 334.17 | G78: =SUM(G3:G76) -> 444.74 | H78: =SUM(H3:H76) -> 24.18 | I78: =SUM(I3:I76) -> 50 | J78: =SUM(J3:J76) -> 5.24 | ... L78: =SUM(L3:L76) -> 229.06
C79: used as other income
C80: on Notes D20
D82: WS | E82: Cinema | F82: Events | G82: Premises | H82: Gannochy | I82: Office | J82: Office | K82: Mushroom | L82: events

Sheet Vouchers
A1: VOUCHERS
A3: Co-op | B3: 20 | C3: WW
B4: 15 | C4: Hub
B5: 5 | C5: Hub
B6: 10 | C6: Hub
B7: 5 | C7: Hub
B8: 10 | C8: ww
B9: 10 | C9: ww
B10: 10 | C10: Hub
B11: 5 | C11: Hub
B12: 15 | C12: ww
B13: 10 | C13: Hub
B14: 5 | C14: Hub
B15: 5 | C15: Hub
... B24: 35 | C24: ww
B26: =SUM(B3:B24) -> 300
A28: ww | B28: =B3+B8+B9+B12+B17+B22+B23+B24 -> 145 | C28: ww
A29: hub | B29: =B4+B5+B6+B7+B10+B11+B13+B14+B15+B16+B18+B19+B20+B21 -> 155 | C29: hub
B30: =SUM(B28:B29) -> 300

Sheet wages
A2: Name Kirsty Cluff
B3: March | C3: April | D3: May | E3: June | F3: July | G3: August | H3: September | I3: October | J3: November | K3: December | L3: January | M3: February | N3: Total
A4: Basic | C4: 1562.5 | D4: 1562.5 | E4: 1562.5 | F4: 1562.5 | G4: 1562.5 | H4: 1562.5 | I4: 1562.5 | J4: 2296.67 | K4: 2296.67 | L4: 2296.87 | M4: 2296.87 | N4: =SUM(B4:M4) -> 20124.58
A5: Tax | C5: 315 | D5: 315 | E5: 315 | F5: 315 | G5: 315 | H5: 315 | I5: 315 | J5: 463.05 | K5: 463.05 | L5: 463.05 | M5: 482.37 | N5: =SUM(B5:M5) -> 4076.52
A6: NI EE | C6: 41.16 | D6: 41.16 | E6: 41.16 | F6: 41.16 | G6: 41.16 | H6: 41.16 | I6: 41.16 | J6: 99.89 | K6: 99.89 | L6: 99.91 | M6: 99.91 | N6: =SUM(B6:M6) -> 687.72
A7: Pension EE | B7: 62.5 | C7: 62.5 | D7: 62.5 | E7: 62.5 | F7: 62.5 | G7: 62.5 | H7: 62.5 | I7: 62.5 | J7: 91.87 | K7: 91.87 | L7: 91.87 | N7: =SUM(B7:M7) -> 775.61
A8: other Deductions | N8: =SUM(B8:M8) -> 0
A9: Nett paid | B9: =B4-B5-B6-B7-B8 -> -62.5 | C9: =C4-C5-C6-C7-C8 -> 1143.84 | D9: =D4-D5-D6-D7-D8 -> 1143.84 | E9: =E4-E5-E6-E7-E8 -> 1143.84 | F9: =F4-F5-F6-F7-F8 -> 1143.84 | G9: =G4-G5-G6-G7-G8 -> 1143.84 | H9: =H4-H5-H6-H7-H8 -> 1143.84 | I9: =I4-I5-I6-I7-I8 -> 1143.84 | ... N9: =N4-N5-N6-N7-N8 -> 14584.73
A10: NI Ers | N10: =SUM(B10:M10) -> 0
A11: Pension Ers | B11: 46.88 | C11: 46.88 | D11: 46.88 | E11: 46.88 | F11: 46.88 | G11: 46.88 | H11: 46.88 | I11: 46.88 | J11: 68.9 | K11: 68.9 | L11: 68.9 | M11: 68.9 | N11: =SUM(B11:M11) -> 650.64
C14: =B7 -> 62.5 | D14: =C14*5 -> 312.5
A16: Name Graeme Dawson
B17: March | C17: April | D17: May | E17: June | F17: July | G17: August | H17: September | I17: October | J17: November | K17: December | L17: January | M17: February | N17: Total
A18: Basic | B18: 2187.5 | C18: 2187.5 | D18: 2187.5 | E18: 2187.5 | F18: 2187.5 | G18: 2187.5 | H18: 2187.5 | N18: =SUM(B18:M18) -> 15312.5
A19: Tax | N19: =SUM(B19:M19) -> 0
A20: NI EE | N20: =SUM(B20:M20) -> 0
A21: Pension EE | B21: 87.5 | C21: 87.5 | D21: 87.5 | E21: 87.5 | F21: 87.5 | G21: 87.5 | H21: 87.5 | I21: 50 | N21: =SUM(B21:M21) -> 662.5
A22: other Deductions | N22: =SUM(B22:M22) -> 0
A23: Nett paid | B23: =B18-B19-B20-B21-B22 -> 2100 | C23: =C18-C19-C20-C21-C22 -> 2100 | D23: =D18-D19-D20-D21-D22 -> 2100 | E23: =E18-E19-E20-E21-E22 -> 2100 | F23: =F18-F19-F20-F21-F22 -> 2100 | G23: =G18-G19-G20-G21-G22 -> 2100 | H23: =H18-H19-H20-H21-H22 -> 2100 | I23: =I18-I19-I20-I21-I22 -> -50 | ... M23: =M18-M19-M20-M21-M22 -> 0 | N23: =SUM(B23:M23) -> 14650
A24: NI Ers | N24: =SUM(B24:M24) -> 0
A25: Pension Ers | B25: 65.62 | C25: 65.62 | D25: 65.62 | E25: 65.62 | F25: 65.62 | G25: 65.62 | H25: 65.62 | I25: 37.5 | N25: =SUM(B25:M25) -> 496.84
B27: =B21+B25 -> 153.12 | C27: =B27*12 -> 1837.44 | D27: =C27+D14 -> 2149.94
A29: Name Marc Fleming
B30: March | C30: April | D30: May | E30: June | F30: July | G30: August | H30: September | I30: October | J30: November | K30: December | L30: January | M30: February | N30: Total
A31: Basic | C31: 810.42 | D31: 810.84 | E31: 677.3 | F31: 810.84 | G31: 810.84 | H31: 810.62 | I31: 810.62 | J31: 1182.6 | K31: =740.79+2.81 -> 743.6 | L31: 746.41 | M31: 746.41 | N31: =SUM(B31:M31) -> 8960.5
A32: Tax | J32: 26.8 | N32: =SUM(B32:M32) -> 26.8
A33: NI EE | J33: 10.77 | N33: =SUM(B33:M33) -> 10.77
A34: Pension EE | N34: =SUM(B34:M34) -> 0
A35: other Deductions | N35: =SUM(B35:M35) -> 0
A36: Nett paid | B36: =B31-B32-B33-B34-B35 -> 0 | C36: =C31-C32-C33-C34-C35 -> 810.42 | D36: =D31-D32-D33-D34-D35 -> 810.84 | E36: =E31-E32-E33-E34-E35 -> 677.3 | F36: =F31-F32-F33-F34-F35 -> 810.84 | G36: =G31-G32-G33-G34-G35 -> 810.84 | H36: =H31-H32-H33-H34-H35 -> 810.62 | I36: =I31-I32-I33-I34-I35 -> 810.62 | ... M36: =M31-M32-M33-M34-M35 -> 746.41 | N36: =SUM(B36:M36) -> 8922.93
A37: NI Ers | N37: =SUM(B37:M37) -> 0
A38: Pension Ers | N38: =SUM(B38:M38) -> 0
A40: Name Michelle Cowburn
B41: March | C41: April | D41: May | E41: June | F41: July | G41: August | H41: September | I41: October | J41: November | K41: December | L41: January | M41: February | N41: Total
A42: Basic | M42: 262.16 | N42: =SUM(B42:M42) -> 262.16
A43: Tax | M43: 52.4 | N43: =SUM(B43:M43) -> 52.4
A44: NI EE | N44: =SUM(B44:M44) -> 0
A45: Pension EE | N45: =SUM(B45:M45) -> 0
A46: other Deductions | N46: =SUM(B46:M46) -> 0
A47: Nett paid | B47: =B42-B43-B44-B45-B46 -> 0 | C47: =C42-C43-C44-C45-C46 -> 0 | D47: =D42-D43-D44-D45-D46 -> 0 | E47: =E42-E43-E44-E45-E46 -> 0 | F47: =F42-F43-F44-F45-F46 -> 0 | G47: =G42-G43-G44-G45-G46 -> 0 | H47: =H42-H43-H44-H45-H46 -> 0 | I47: =I42-I43-I44-I45-I46 -> 0 | ... M47: =M42-M43-M44-M45-M46 -> 209.76 | N47: =SUM(B47:M47) -> 209.76
A51: Total
B52: March | C52: April | D52: May | E52: June | F52: July | G52: August | H52: September | I52: October | J52: November | K52: December | L52: January | M52: February | N52: Total
A53: Basic | B53: =B4+B18+B31 -> 2187.5 | C53: =C4+C18+C31 -> 4560.42 | D53: =D4+D18+D31 -> 4560.84 | E53: =E4+E18+E31 -> 4427.3 | F53: =F4+F18+F31 -> 4560.84 | G53: =G4+G18+G31 -> 4560.84 | H53: =H4+H18+H31 -> 4560.62 | I53: =I4+I18+I31 -> 2373.12 | ... L53: =L4+L18+L31 -> 3043.28 | M53: =M4+M18+M31+M42 -> 3305.44 | N53: =SUM(B53:M53) -> 44659.74
A54: Tax | B54: =B5+B19+B32 -> 0 | C54: =C6+C19+C32 -> 41.16 | D54: =D5+D19+D32 -> 315 | E54: =E5+E19+E32 -> 315 | F54: =F5+F19+F32 -> 315 | G54: =G5+G19+G32 -> 315 | H54: =H5+H19+H32 -> 315 | I54: =I5+I19+I32 -> 315 | J54: =J5+J19+J32 -> 489.85 | K54: =K5+K19+K32 -> 463.05 | L54: =L5+L19+L32 -> 463.05 | M54: =M5+M19+M32+M43 -> 534.77 | N54: =SUM(B54:M54) -> 3881.88
A55: NI EE | B55: =B6+B20+B33 -> 0 | C55: =C7+C20+C33 -> 62.5 | D55: =D6+D20+D33 -> 41.16 | E55: =E6+E20+E33 -> 41.16 | F55: =F6+F20+F33 -> 41.16 | G55: =G6+G20+G33 -> 41.16 | H55: =H6+H20+H33 -> 41.16 | I55: =I6+I20+I33 -> 41.16 | J55: =J6+J20+J33 -> 110.66 | K55: =K6+K20+K33 -> 99.89 | ... M55: =M6+M20+M33 -> 99.91 | N55: =SUM(B55:M55) -> 719.83
A56: Pension EE | B56: =B7+B21+B34 -> 150 | C56: =C7+C21+C34 -> 150 | D56: =D7+D21+D34 -> 150 | E56: =E7+E21+E34 -> 150 | F56: =F7+F21+F34 -> 150 | G56: =G7+G21+G34 -> 150 | H56: =H7+H21+H34 -> 150 | I56: =I7+I21+I34 -> 112.5 | ... M56: =M7+M21+M34 -> 0 | N56: =SUM(B56:M56) -> 1438.11
A57: other Deductions | B57: =B8+B22+B35 -> 0 | C57: =C8+C22+C35 -> 0 | D57: =D8+D22+D35 -> 0 | E57: =E8+E22+E35 -> 0 | F57: =F8+F22+F35 -> 0 | G57: =G8+G22+G35 -> 0 | H57: =H8+H22+H35 -> 0 | I57: =I8+I22+I35 -> 0 | ... M57: =M8+M22+M35 -> 0 | N57: =SUM(B57:M57) -> 0
A58: Nett paid | B58: =B53-B54-B55-B56-B57 -> 2037.5 | C58: =C53-C54-C55-C56-C57 -> 4306.76 | D58: =D53-D54-D55-D56-D57 -> 4054.68 | E58: =E53-E54-E55-E56-E57 -> 3921.14 | F58: =F53-F54-F55-F56-F57 -> 4054.68 | G58: =G53-G54-G55-G56-G57 -> 4054.68 | H58: =H53-H54-H55-H56-H57 -> 4054.46 | I58: =I53-I54-I55-I56-I57 -> 1904.46 | ... K58: =K53-K54-K55-K56-K57 -> 2385.46 | L58: =L9+L23+L36 -> 2388.45 | M58: =M53-M54-M55-M56-M57 -> 2670.76 | N58: =SUM(B58:M58) -> 38619.92
A59: NI Ers | B59: =B10+B24+B37 -> 0 | C59: =C10+C24+C37 -> 0 | D59: =D10+D24+D37 -> 0 | E59: =E10+E24+E37 -> 0 | F59: =F10+F24+F37 -> 0 | G59: =G10+G24+G37 -> 0 | H59: =H10+H24+H37 -> 0 | I59: =I10+I24+I37 -> 0 | ... M59: =M10+M24+M37 -> 0 | N59: =SUM(B59:M59) -> 0
A60: Pension Ers | B60: =B11+B25+B38 -> 112.5 | C60: =C11+C25+C38 -> 112.5 | D60: =D11+D25+D38 -> 112.5 | E60: =E11+E25+E38 -> 112.5 | F60: =F11+F25+F38 -> 112.5 | G60: =G11+G25+G38 -> 112.5 | H60: =H11+H25+H38 -> 112.5 | I60: =I11+I25+I38 -> 84.38 | ... M60: =M11+M25+M38 -> 68.9 | N60: =SUM(B60:M60) -> 1147.48
A63: Government Payment | B63: =B5+B6+B10+B19+B20+B24+B32+B33+B37 -> 0 | C63: =C6+C7+C10+C19+C20+C24+C32+C33+C37 -> 103.66 | D63: =D5+D6+D10+D19+D20+D24+D32+D33+D37 -> 356.16 | E63: =E5+E6+E10+E19+E20+E24+E32+E33+E37 -> 356.16 | F63: =F5+F6+F10+F19+F20+F24+F32+F33+F37 -> 356.16 | G63: =G5+G6+G10+G19+G20+G24+G32+G33+G37 -> 356.16 | H63: =H5+H6+H10+H19+H20+H24+H32+H33+H37 -> 356.16 | I63: =I5+I6+I10+I19+I20+I24+I32+I33+I37 -> 356.16 | J63: =J5+J6+J10+J19+J20+J24+J32+J33+J37 -> 600.51 | K63: =K5+K6+K10+K19+K20+K24+K32+K33+K37 -> 562.94 | L63: =L6+L7+L10+L19+L20+L24+L32+L33+L37 -> 191.78 | M63: =M5+M6+M10+M19+M20+M24+M32+M33+M37 -> 582.28 | N63: =SUM(B63:M63) -> 4178.13
A64: Pensions | B64: =B7+B11+B21+B25+B38+B34 -> 262.5 | C64: =C7+C11+C21+C25+C38+C34 -> 262.5 | D64: =D7+D11+D21+D25+D38+D34 -> 262.5 | E64: =E7+E11+E21+E25+E38+E34 -> 262.5 | F64: =F7+F11+F21+F25+F38+F34 -> 262.5 | G64: =G7+G11+G21+G25+G38+G34 -> 262.5 | H64: =H7+H11+H21+H25+H38+H34 -> 262.5 | I64: =I7+I11+I21+I25+I38+I34 -> 196.88 | ... K64: =K7+K11+K21+K25+K38+K34 -> 160.77 | L64: =L7+L8+L11+L20+L21+L25+L33+L34+L38 -> 160.77 | M64: =M7+M11+M21+M25+M38+M34 -> 68.9 | N64: =SUM(B64:M64) -> 2585.59
A68: Basic Total | B68: =B53 -> 2187.5 | C68: =C53 -> 4560.42 | D68: =D53 -> 4560.84 | E68: =E53 -> 4427.3 | F68: =F53 -> 4560.84 | G68: =G53 -> 4560.84 | H68: =H53 -> 4560.62 | I68: =I53 -> 2373.12 | ... M68: =M53 -> 3305.44 | N68: =SUM(B68:M68) -> 44659.74
A69: NI Ers | B69: =B59 -> 0 | C69: =C59 -> 0 | D69: =D59 -> 0 | E69: =E59 -> 0 | F69: =F59 -> 0 | G69: =G59 -> 0 | H69: =H59 -> 0 | I69: =I59 -> 0 | ... M69: =M59 -> 0 | N69: =SUM(B69:M69) -> 0 | O69: =SUM(N68:N69) -> 44659.74 | P69: figure for accounts
A70: Pension | B70: =B60 -> 112.5 | C70: =C60 -> 112.5 | D70: =D60 -> 112.5 | E70: =E60 -> 112.5 | F70: =F60 -> 112.5 | G70: =G60 -> 112.5 | H70: =H60 -> 112.5 | I70: =I60 -> 84.38 | ... M70: =M60 -> 68.9 | N70: =SUM(B70:M70) -> 1147.48
A71: total | B71: =SUM(B68:B70) -> 2300 | C71: =SUM(C68:C70) -> 4672.92 | D71: =SUM(D68:D70) -> 4673.34 | E71: =SUM(E68:E70) -> 4539.8 | F71: =SUM(F68:F70) -> 4673.34 | G71: =SUM(G68:G70) -> 4673.34 | H71: =SUM(H68:H70) -> 4673.12 | I71: =SUM(I68:I70) -> 2457.5 | ... N71: =SUM(N68:N70) -> 45807.22
A72: other deductions | B72: =B57 -> 0 | C72: =C57 -> 0 | D72: =D57 -> 0 | E72: =E57 -> 0 | F72: =F57 -> 0 | G72: =G57 -> 0 | H72: =H57 -> 0 | I72: =I57 -> 0 | ... N72: =N57 -> 0 | O72: if any explanation required
A74: breakdown required for unrestricted and restricted
B75: =O69 -> 44659.74
B76: =N70 -> 1147.48 | C76: 68.9 | D76: =B76+C76 -> 1216.38
